AoeStats
← [PSCH] R!ce

Arabia

507737509Analyzed
3v3 RM · 13d ago on Sep 19, 2026· 18m 11s· 6 players
Game mode
Random Map
Map size
Normal (6 player)
Population
200
Speed
Normal
Resources
Standard
Victory
Conquest
Starting age
Dark Age
Ending age
Imperial Age
RankedLock teamsTeams togetherTeam positionsShared explorationLock speedFull tech treeHidden civsTurbo modeCheats
Victory
Defeat
🇹🇼 Dravidians · Taiwan
1729
+6
🇹🇼 Mapuche · Taiwan
1698
+7
🇹🇼 Shu · Taiwan
1505
+14
🇨🇭 Gurjaras · Switzerland
1515
-10
🇨🇭 Wu · Switzerland
1492
-9
🇨🇭 Celts · Switzerland
1436
-8
星空夜羽
5:49 Loom
8:49 Feudal Age
9:40 Double-Bit Axe
10:54 Fletching
15:23 Double-Bit Axe
liang0312
6:40 Loom
9:07 Feudal Age
11:17 Town Watch
14:35 Fletching
TATTOO
6:20 Loom
8:49 Feudal Age
9:32 Double-Bit Axe
[PSCH] R!ce
6:09 Loom
8:53 Feudal Age
11:12 Double-Bit Axe
17:48 Fletching
[PSCH] wolverito
6:53 Loom
10:28 Feudal Age
11:11 Double-Bit Axe
13:49 Fletching
16:52 Padded Archer Armor
ChnebelSchnägg
5:06 Loom
9:00 Feudal Age
9:55 Double-Bit Axe
9:53 Horse Collar
15:40 Forging
Connection lost

Rejoining the realm…

Still unreachable

The connection could not be restored.

Session expired

The server has moved on; the page needs a fresh start.